 Dungeon Crawl Stone Soup version 0.29-a0-1023-g6ae1a4a2c7 (webtiles) character file.

Game seed: 8408114436260414151

12534 nickcage the Impaler (level 11, -1/138 HPs)
             Began as a Merfolk Gladiator on Aug 9, 2022.
             Was an Elder of Makhleb.
             Slain by a 14-headed hydra (4 damage)
             ... on level 1 of the Lair of Beasts on Aug 11, 2022.
             The game lasted 00:30:00 (12336 turns).

nickcage the Impaler (Merfolk Gladiator)           Turns: 12336, Time: 00:30:01

Health: -1/138     AC: 18    Str: 18    XL:     11   Next: 94%
Magic:  13/13      EV:  7    Int:  9    God:    Makhleb [****..]
Gold:   606        SH:  0    Dex: 18    Spells: 10/10 levels left

rFire   . . .      SeeInvis .   J - +5 halberd
rCold   . . .      Faith    .   (shield currently unavailable)
rNeg    . . .      Spirit   .   R - +0 plate armour
rPois   .          Reflect  .   c - +1 helmet
rElec   .          Harm     .   (no cloak)
rCorr   .          Rampage  .   k - +0 pair of fencer's gloves {Riposte Dex+3}
Will    +....                   O - +0 pair of boots
Stlth   ..........              (no amulet)
HPRegen 0.33/turn               h - ring of willpower
MPRegen 0.13/turn               N - +4 ring of slaying

@: berserking, very quick
A: (nimble swimmer 2), mertail
a: Renounce Religion, Minor Destruction, Lesser Servant of Makhleb, Major
Destruction


You were on level 1 of the Lair of Beasts.
You worshipped Makhleb.
Makhleb was greatly pleased with you.
You visited 3 branches of the dungeon, and saw 13 of its levels.

You collected 606 gold pieces.

Inventory:

Hand Weapons
 e - a +0 scythe
 s - a +3 vorpal trident
 J - a +5 halberd (weapon)
 K - a +0 glaive
Missiles
 d - 4 throwing nets
 r - a javelin
 t - 47 poisoned darts
Armour
 c - a +1 helmet (worn)
 k - the +0 pair of fencer's gloves (worn) {Riposte Dex+3}
   (You acquired it on level 2 of the Dungeon)

   It allows the wearer to riposte with melee weapons, swiftly retaliating
   against missed or blocked melee attacks.
   Dex:       It affects your dexterity (+3).
 l - a +1 chain mail of positive energy
 O - a +0 pair of boots (worn)
 R - a +0 plate armour (worn)
Jewellery
 h - a ring of willpower (left hand)
 n - an amulet of faith
 p - a +4 ring of protection
 q - a ring of resist corrosion
 L - a +6 ring of strength
 N - a +4 ring of slaying (right hand)
Wands
 b - a wand of charming (12)
 o - a wand of acid (4) (quivered)
 v - a wand of digging (6)
 E - a wand of iceblast (10)
 H - a wand of mindburst (27)
 I - a wand of polymorph (6)
 P - a wand of flame (15)
Scrolls
 g - a scroll of poison
 m - 3 scrolls of magic mapping
 u - 2 scrolls of fear
 y - 2 scrolls of amnesia
 F - a scroll of teleportation
 S - a scroll of enchant armour
Potions
 a - 2 potions of lignification {unknown}
 f - a potion of berserk rage
 i - 3 potions of cancellation
 j - 3 potions of heal wounds {unknown}
 w - 3 potions of attraction
 x - 5 potions of brilliance
 z - 6 potions of flight
 A - a potion of haste {unknown}
 B - a potion of ambrosia {unknown}
 C - 4 potions of curing {unknown}
 D - a potion of might {unknown}
 G - 3 potions of invisibility {unknown}
 Q - a potion of mutation {unknown}
Miscellaneous
 M - a phial of floods


   Skills:
 - Level 10.4 Fighting
 - Level 16.0 Polearms
 - Level 2.0 Throwing
 * Level 7.9 Armour
 - Level 4.0 Dodging
 * Level 3.4 Invocations
 - Level 0.3 Evocations


You had 10 spell levels left.
You didn't know any spells.
Your spell library contained the following spells:

 Spells                   Type           Power      Damage    Failure   Level
 Apportation              Tloc           0%         N/A       100%        1
 Slow                     Hex            0%         N/A       100%        1
 Static Discharge         Conj/Air       0%         3-3/arc   100%        2
 Confusing Touch          Hex            0%         N/A       100%        3
 Conjure Flame            Conj/Fire      0%         6-21      100%        3
 Ignite Poison            Fire/Tmut/Pois 0%         N/A       100%        3
 Vampiric Draining        Necr           0%         2d6       100%        3
 Sticky Flame             Conj/Fire      0%         2d3       100%        4
 Alistair's Intoxication  Tmut/Pois      0%         N/A       100%        5
 Lightning Bolt           Conj/Air       0%         1d11      100%        5
 Maxwell's Capacitive Co  Air            0%         ∞         100%        8


Dungeon Overview and Level Annotations

Branches:
Dungeon (11/15)            Temple (1/1) D:4            Lair (1/5) D:10
    Orc: D:9-12

Altars:
Ashenzari
Cheibriados
Dithmenos
Elyvilon
Fedhas
Gozag
Hepliaklqana
Kikubaaqudgha
Makhleb
Nemelex Xobeh
Okawaru
Qazlal
Ru
Sif Muna
Trog
Uskayaw
Vehumet
Wu Jian
Xom
Yredelemnul
Zin
The Shining One

Shops:
D:1 (   D:7 !   D:10 *


Innate Abilities, Weirdness & Mutations

((You are very nimble when in or above water. (Stealth+, EV+, Speed+++)))
Your lower body shifts to a powerful aquatic tail in water.


Message History

The 12-headed hydra bites you but does no damage. x2
The 12-headed hydra bites you.
The 12-headed hydra bites you but does no damage.
The 12-headed hydra bites you.
The 12-headed hydra bites you but does no damage.
You are too injured to fight recklessly!
A red film seems to cover your vision as you go berserk!
You feel yourself moving faster!
You feel mighty!
The 12-headed hydra completely misses you.
The 12-headed hydra bites you but does no damage.
The 12-headed hydra bites you!
The 12-headed hydra bites you but does no damage.
The 12-headed hydra barely misses you. The 12-headed hydra bites you! x2
* * * LOW HITPOINT WARNING * * *
The 12-headed hydra bites you.
* * * LOW HITPOINT WARNING * * *
The 12-headed hydra bites you.
* * * LOW HITPOINT WARNING * * *
The 12-headed hydra bites you.
* * * LOW HITPOINT WARNING * * *
The 12-headed hydra bites you but does no damage.
The 12-headed hydra barely misses you.
You chop one of the 12-headed hydra's heads off!
The 11-headed hydra grows two more!
You slice the 13-headed hydra!!
The 13-headed hydra is almost dead.
You lop one of the 13-headed hydra's heads off!
The 12-headed hydra grows two more!
You slash the 14-headed hydra!
The 14-headed hydra is almost dead.
The 14-headed hydra bites you!
* * * LOW HITPOINT WARNING * * *
The 14-headed hydra bites you but does no damage. x2
The 14-headed hydra bites you.
* * * LOW HITPOINT WARNING * * *
The 14-headed hydra bites you but does no damage. x2
The 14-headed hydra barely misses you. x2; The 14-headed hydra bites you.
* * * LOW HITPOINT WARNING * * *
The 14-headed hydra bites you.
* * * LOW HITPOINT WARNING * * *
The 14-headed hydra bites you.
You die...

........## #
.......P##
#.......... #.
......#
#.......#
###..#...#
##P...††D.#
.......@.#
...............
#.#..###.#####P
## .# .# ##


You could see a 14-headed hydra (corroded).

Vanquished Creatures
  3 two-headed ogres
  A cane toad (Lair:1)
  3 unseen horrors (D:10)
  Maggie (D:7)
  A komodo dragon (D:10)
  A troll (D:9)
  A hornet (D:9)
  Prince Ribbit (D:5)
  Sigmund (D:3)
  A wraith (D:10)
  A shadow (D:10)
  2 wyverns
  A ynoxinul (D:11)
  Eustachio (D:5)
  4 basilisks (D:10)
  15 yaks
  An acid dragon (D:10)
  A water moccasin (D:9)
  An ice beast (D:8)
  2 orc warriors
  2 sky beasts
  4 ogres
  3 wolves (Lair:1)
  A phantom (D:4)
  3 centaurs
  5 kobold brigands
  2 bullfrogs
  A necrophage (D:7)
  A gnoll sergeant (D:3)
  A scorpion (D:6)
  11 wights
  23 killer bees
  4 howler monkeys
  3 jellies (D:6)
  A lava snake (D:10)
  4 orc priests
  2 hounds (D:5)
  A gnoll bouda (D:6)
  3 iguanas
  5 orc wizards
  8 adders
  10 gnolls
  2 shadow imps
  An ufetubus (D:5)
  A worm (D:2)
  3 dart slugs
  29 orcs
  6 endoplasms
  3 giant cockroaches
  9 goblins
  9 hobgoblins
  4 jackals
  A quokka (D:1)
  12 ball pythons
  6 bats
  3 frilled lizards
  35 kobolds
  6 rats
271 creatures vanquished.

Vanquished Creatures (others)
  15 plants (D:7)
15 creatures vanquished.

Grand Total: 286 creatures vanquished

Notes
Turn   | Place    | Note
-------+----------+-------------------------------------------
     0 | D:1      | nickcage the Merfolk Gladiator began the quest for the Orb.
     0 | D:1      | Reached XP level 1. HP: 16/16 MP: 1/1
   528 | D:1      | Reached XP level 2. HP: 22/22 MP: 2/2
   561 | D:1      | Reached skill level 5 in Polearms
   733 | D:1      | Found Moadotz's Weapon Emporium.
   840 | D:1      | Found a faded altar of an unknown god.
   904 | D:1      | Reached XP level 3. HP: 27/27 MP: 3/3
  1409 | D:2      | Identified a scroll of acquirement
  1409 | D:2      | Acquired the +0 pair of fencer's gloves {Riposte Dex+3}
  1409 | D:2      | Found the +0 pair of fencer's gloves {Riposte Dex+3}
  1691 | D:2      | Reached skill level 6 in Polearms
  1774 | D:2      | Reached XP level 4. HP: 13/33 MP: 4/4
  2531 | D:3      | Found an iron altar of Okawaru.
  2531 | D:3      | Found a shadowy altar of Dithmenos.
  2543 | D:3      | Noticed a centaur
  2551 | D:3      | Killed a centaur
  2552 | D:3      | Reached skill level 7 in Polearms
  2552 | D:3      | Reached XP level 5. HP: 29/38 MP: 5/5
  2663 | D:3      | Reached skill level 8 in Polearms
  2909 | D:3      | Noticed Sigmund
  2925 | D:3      | Killed Sigmund
  2926 | D:3      | Reached skill level 9 in Polearms
  2926 | D:3      | Reached XP level 6. HP: 24/44 MP: 6/6
  3079 | D:3      | Found the +3 woodcutter's axe {vorpal}
  3087 | D:3      | Reached skill level 10 in Polearms
  3092 | D:3      | Reached XP level 7. HP: 20/50 MP: 7/7
  3718 | D:4      | Found an opulent altar of Gozag.
  3779 | D:4      | Identified the +2 hand axe "Gomeuq" {vorpal, SInv}
  3936 | D:4      | Found a staircase to the Ecumenical Temple.
  3942 | Temple   | Entered the Ecumenical Temple
  3989 | Temple   | Became a worshipper of Makhleb the Destroyer
  4152 | D:4      | Reached skill level 11 in Polearms
  4284 | D:5      | Entered Level 5 of the Dungeon
  4398 | D:5      | Reached skill level 12 in Polearms
  4398 | D:5      | Reached XP level 8. HP: 51/56 MP: 8/8
  4503 | D:5      | Noticed Prince Ribbit
  4503 | D:5      | Noticed Eustachio
  4519 | D:5      | Killed Prince Ribbit
  4529 | D:5      | Killed Eustachio
  4530 | D:5      | Reached skill level 13 in Polearms
  4947 | D:5      | Noticed a two-headed ogre
  4956 | D:5      | Killed a two-headed ogre
  4957 | D:5      | Reached skill level 15 in Polearms
  4957 | D:5      | Reached XP level 9. HP: 26/61 MP: 9/9
  5396 | D:6      | Reached * piety under Makhleb
  5623 | D:6      | Reached skill level 16 in Polearms
  5791 | D:6      | Reached skill level 1 in Armour
  5882 | D:6      | Found a hazy altar of Hepliaklqana.
  5889 | D:6      | Identified the +1 robe "Kituskyr" {Int+3}
  6464 | D:7      | Noticed Maggie
  6477 | D:7      | Killed Maggie
  6591 | D:7      | Found a sparkling altar of Nemelex Xobeh.
  6823 | D:7      | Reached skill level 5 in Fighting
  6881 | D:7      | Reached ** piety under Makhleb
  7042 | D:7      | Found Cabreqoh's Distillery.
  7059 | D:7      | Reached XP level 10. HP: 75/75 MP: 10/10
  7441 | D:7      | Found a glowing silver altar of Zin.
  7603 | D:7      | Found an ancient bone altar of Kikubaaqudgha.
  8837 | D:8      | Reached *** piety under Makhleb
  8851 | D:8      | Upgraded the game from 0.29-a0-1016-g236c7fd91e to
                  | 0.29-a0-1023-g6ae1a4a2c7
  9358 | D:9      | Reached skill level 5 in Armour
  9581 | D:9      | Reached XP level 11. HP: 78/89 MP: 11/11
  9794 | D:9      | Reached skill level 10 in Fighting
 10424 | D:9      | Noticed a two-headed ogre
 10434 | D:9      | Killed a two-headed ogre
 10679 | D:10     | Entered Level 10 of the Dungeon
 10698 | D:10     | Reached skill level 1 in Invocations
 10800 | D:10     | Noticed a two-headed ogre
 10809 | D:10     | Killed a two-headed ogre
 10837 | D:10     | Reached **** piety under Makhleb
 11535 | D:10     | Found a staircase to the Lair.
 11776 | D:10     | Found Seopteoc's Elemental Accessories.
 12133 | D:11     | Noticed a soul eater
 12284 | Lair:1   | Entered Level 1 of the Lair of Beasts
 12325 | Lair:1   | Noticed an eight-headed hydra
 12336 | Lair:1   | HP: 3/138 [14-headed hydra (4)]
 12336 | Lair:1   | Slain by a 14-headed hydra

Illustrated notes

Levels and vault maps discovered:
D:1:      dpeg_arrival_concentric_ovals, layout_loops_ring,
          hellmonk_ecumenical_altar_leap_of_faith, serial_shops, shop,
          minmay_hedge_maze, minmay_misc_feat_plants
D:2:      minmay_recursive_quarters, layout_loops_ring
D:3:      layout_basic, jmf_multi_god_temple, pf_guarded_unrand_woodcutter,
          uniq_sigmund
D:4:      layout_gridville, lemuel_tele_altar,
          minmay_temple_entry_enclosed_plants, minmay_surrounded
D:5:      layout_basic, uniq_prince_ribbit1, uniq_eustachio
D:6:      layout_gridville, mainiacjoe_overflow_brackets
D:7:      layout_layer_cave, mainiacjoe_overflow_tiny_flanked,
          mainiacjoe_overflow_catch_the_wave, nicolae_take_the_stairs,
          uniq_maggie
D:8:      layout_loops_ring
D:9:      layout_cave_pods, serial_glass, glass_columns_a, glass_columns_a
D:10:     layout_long_grid, erik_lair_dragon, nicolae_elemental_shop,
          grunt_decor_junction
D:11:     layout_roguey, orc_0_dummy, serial_demonic, serial_demonic_g,
          serial_demonic_e, serial_demonic_e, serial_demonic_a,
          serial_demonic_a, serial_demonic_g, serial_demonic_d,
          serial_demonic_f, serial_shops, shop, dilly_guarded_unrand_devastator,
          uniq_maurice, uniq_harold
Temple:   hellmonk_temple_of_storms
Lair:1:   hellmonk_destroyed_diamonds, layout_loops_ring, serial_bayou_lake_a

Skill      XL: |  1  2  3  4  5  6  7  8  9 10 11 |
---------------+----------------------------------+-----
Polearms       | 5 6 7 9 10 12 15 16 | 16.0
Fighting       | 5 9 10 | 10.4
Armour         | 2 5 7 |  7.9
Invocations    | 3 |  3.4
Throwing       | |  2.0
Dodging        | |  4.0
Evocations     | |  0.3

Action                   |  1- 3 |  4- 6 |  7- 9 | 10-12 || total
-------------------------+-------+-------+-------+-------++-------
Melee: Trident           |   111 |    76 |   270 |    16 ||   473
       Punch             |       |     1 |     4 |       ||     5
       Halberd           |       |    10 |       |   382 ||   392
Throw: Javelin           |       |     1 |       |       ||     1
       Dart              |       |       |       |    21 ||    21
Evoke: Wand              |       |       |     4 |     3 ||     7
  Use: Scroll            |     5 |     4 |     3 |     7 ||    19
       Potion            |       |       |       |     1 ||     1
Armor: Leather armour    |     2 |       |       |       ||     2
       Chain mail        |    25 |    35 |    70 |   104 ||   234
       Plate armour      |       |       |       |    94 ||    94
Dodge: Dodged            |    35 |    26 |    50 |   105 ||   216
       Rpst.: Trident    |     3 |     2 |     9 |       ||    14
       Halberd           |       |       |       |    19 ||    19

Table legend: (Time is in decaauts)
 A = Elapsed time spent in this place.
 B = Non-inter-level travel time spent in this place.
 C = Inter-level travel time spent in this place.
 D = Time resting spent in this place.
 E = Time spent auto-exploring this place.
 F = Levels seen in this place.
 G = Mean time per level.
                   A        B        C        D        E       F      G
               +--------+--------+--------+--------+--------+-----+--------+
         Total |  12116 |  11601 |    515 |   1605 |   8352 |  13 |  932.0 |
       Dungeon |  12005 |  11509 |    496 |   1605 |   8307 |  11 | 1091.4 |
        Temple |     65 |     47 |     18 |      0 |     22 |   1 |   65.0 |
          Lair |     45 |     45 |      0 |      0 |     23 |   1 |   45.0 |
               +--------+--------+--------+--------+--------+-----+--------+

Top non-repeatable levels by time:
     D:7: 1763 daAuts
    D:10: 1564 daAuts
     D:9: 1321 daAuts
     D:1: 1318 daAuts
     D:6: 1160 daAuts
     D:3: 1052 daAuts
     D:8: 1035 daAuts
     D:2: 999 daAuts
     D:5: 942 daAuts
     D:4: 833 daAuts
  Temple: 65 daAuts
  Lair:1: 45 daAuts
    D:11: 14 daAuts
